[Event "GER-ch Youth U18 2019"]
[Site "Willingen"]
[Date "2019.06.09"]
[Round "1.5"]
[White "Roseneck, Jonas"]
[Black "Wendler, David"]
[Result "1-0"]
[ECO "B06"]
[WhiteElo "2403"]
[BlackElo "2166"]
[Annotator "NA RC"]
[PlyCount "161"]
[EventDate "2019.06.07"]
[EventType "swiss"]
[EventRounds "9"]
[EventCountry "GER"]
[SourceTitle "playchess.com"]
[Source "ChessBase"]
[SourceQuality "1"]
[TimeControl "40/5400+30:1800+30"]

1. e4 g6 2. d4 Bg7 3. Nf3 d6 4. Bc4 Nf6 5. Qe2 Nc6 6. h3 e5 7. dxe5 Nxe5 8. Nxe5 dxe5 9. Nc3 c6 10. Be3 Qe7 11. O-O O-O 12. a4 Nd7 13. f3 Re8 14. a5 Nc5 15. Qf2 Bf8 16. Rfd1 Be6 17. Bxe6 Nxe6 18. Na4 a6 19. Bb6 Qg5 20. Rd7 Re7 21. Rad1 Rae8 22. Kh2 Rxd7 23. Rxd7 Re7 24. Rd1 f5 25. Be3 Qf6 26. Nb6 Rf7 27. exf5 gxf5 28. Nd7 Qg7 29. Nxf8 Qxf8 30. Qh4 Rg7 31. Bb6 Qe7 32. Qc4 Kh8 33. Rd2 Rg8 34. Qc3 Qg7 35. g4 h5 36. Re2 hxg4 37. Rxe5 g3+ 38. Kg1 Ng5 39. Rxf5 Qxc3 40. bxc3 Nxh3+ 41. Kg2 Ng5 42. Kxg3 Kh7 43. Kf4 Kh6 44. Be3 Ne6+ 45. Ke5+ Kg7 46. Bb6 Re8 47. Kd6 Nf8 48. Bd4+ Kg6 49. Rf6+ Kg5 50. Rf7 Re6+ 51. Kc5 Ng6 52. Rxb7 Ne7 53. Ra7 Kf4 54. Rxa6 Kxf3 55. Rb6 Rg6 56. c4 Ke4 57. c3 Rg5+ 58. Kb4 Rg2 59. Kb3 Kf5 60. a6 Rg8 61. a7 Ra8 62. Rb8 Rxa7 63. Bxa7 Ke6 64. Re8 Kd7 65. Rxe7+ Kxe7 66. Kb4 Kd7 67. Kc5 Kc7 68. Bb6+ Kb7 69. Ba5 Ka6 70. Kxc6 Kxa5 71. Kb7 Ka4 72. c5 Kb5 73. c6 Kc4 74. c7 Kxc3 75. c8=Q+ Kd4 76. Qf5 Kc4 77. Qe5 Kd3 78. Qf4 Ke2 79. Qg3 Kd2 80. Qf3 Kc2 81. Qe3 {[%emt 0:00:00] normal Kd3 Qxd3} 1-0

[Event "GER-ch Youth U18 2019"]
[Site "Willingen"]
[Date "2019.06.09"]
[Round "1.7"]
[White "Ries, Alexander"]
[Black "Wong, Gengchun"]
[Result "1-0"]
[ECO "D26"]
[WhiteElo "1928"]
[BlackElo "2144"]
[Annotator "NA"]
[PlyCount "73"]
[EventDate "2019.06.07"]
[EventType "swiss"]
[EventRounds "9"]
[EventCountry "GER"]
[SourceTitle "playchess.com"]
[Source "ChessBase"]
[SourceQuality "1"]
[TimeControl "40/5400+30:1800+30"]

1. d4 d5 2. c4 dxc4 3. Nf3 Nf6 4. e3 e6 5. Bxc4 c5 6. Qe2 a6 7. dxc5 Bxc5 8. O-O b5 9. Bd3 O-O 10. a4 b4 11. b3 Bb7 12. Bb2 Nbd7 13. Nbd2 Qe7 14. Nc4 Ne4 15. Rac1 a5 16. Nd4 e5 17. Nf5 Qg5 18. Bxe4 Bxe4 19. Ng3 Bb7 20. Nxe5 Nxe5 21. Rxc5 Ba6 22. Rxe5 Qxe5 23. Bxe5 Bxe2 24. Nxe2 f6 25. Bb2 Rac8 26. Nd4 f5 27. g3 g6 28. Kg2 Rfe8 29. Kf3 Kf7 30. Ke2 g5 31. Rc1 Rxc1 32. Bxc1 Kg6 33. Nc6 Ra8 34. Ne5+ Kf6 35. Bb2 Ke6 36. Nc4 g4 37. Bd4 {[%emt 0:00:12] normal} 1-0

[Event "GER-ch Youth U18 2019"]
[Site "Willingen"]
[Date "2019.06.09"]
[Round "1.11"]
[White "Vuckovic, Zarko"]
[Black "Lange, Jannis"]
[Result "1-0"]
[ECO "B24"]
[WhiteElo "2132"]
[BlackElo "2024"]
[Annotator "ChessBase"]
[PlyCount "45"]
[EventDate "2019.06.07"]
[EventType "swiss"]
[EventRounds "9"]
[EventCountry "GER"]
[SourceTitle "playchess.com"]
[Source "ChessBase"]
[SourceQuality "1"]
[TimeControl "40/5400+30:1800+30"]

1. e4 c5 2. Nc3 Nc6 3. g3 g6 4. d3 Bg7 5. Be3 d6 6. Qd2 Rb8 7. Bg2 b5 8. f4 b4 9. Nd1 e6 10. Nf3 Nd4 11. O-O Ne7 12. Nh4 O-O 13. c3 bxc3 14. bxc3 Ndc6 15. f5 exf5 16. exf5 gxf5 17. Bg5 Qa5 18. Bxc6 Nxc6 19. Bh6 Ne7 20. Bxg7 Kxg7 21. Qg5+ Ng6 22. Ne3 Qxc3 23. Nexf5+ {[%emt 0:00:30] normal} 1-0

[Event "GER-ch Youth U18 2019"]
[Site "Willingen"]
[Date "2019.06.09"]
[Round "2.1"]
[White "Browning, Alex"]
[Black "Engel, Luis"]
[Result "0-1"]
[ECO "A29"]
[WhiteElo "2319"]
[BlackElo "2512"]
[Annotator "ChessBase"]
[PlyCount "56"]
[EventDate "2019.06.07"]
[EventType "swiss"]
[EventRounds "9"]
[EventCountry "GER"]
[SourceTitle "playchess.com"]
[Source "ChessBase"]
[SourceQuality "1"]
[TimeControl "40/5400+30:1800+30"]

1. c4 e5 2. Nc3 Nc6 3. Nf3 Nf6 4. g3 d5 5. cxd5 Nxd5 6. Bg2 Nb6 7. O-O Be7 8. a4 a5 9. d3 Be6 10. Be3 f5 11. Qd2 h6 12. Rfc1 O-O 13. Nb5 Bf6 14. Ne1 Nd5 15. Bc5 Rf7 16. Nc2 Qd7 17. e4 fxe4 18. dxe4 Bg5 19. Qe2 Bxc1 20. exd5 Bxd5 21. Nxc7 Bxg2 22. Nxa8 Bf3 23. Nb6 Bxe2 24. Nxd7 Bxb2 25. Rb1 Bd4 26. Nxd4 exd4 27. Rxb7 Bg4 28. Be7 Rxe7 {[%emt 0:00:14] normal} 0-1

[Event "GER-ch Youth U18 2019"]
[Site "Willingen"]
[Date "2019.06.09"]
[Round "2.2"]
[White "Buckels, Valentin"]
[Black "Vuckovic, Zarko"]
[Result "1-0"]
[ECO "A05"]
[WhiteElo "2443"]
[BlackElo "2132"]
[Annotator "NA"]
[PlyCount "63"]
[EventDate "2019.06.07"]
[EventType "swiss"]
[EventRounds "9"]
[EventCountry "GER"]
[SourceTitle "playchess.com"]
[Source "ChessBase"]
[SourceQuality "1"]
[TimeControl "40/5400+30:1800+30"]

1. Nf3 Nf6 2. g3 d5 3. Bg2 Nc6 4. d4 Bg4 5. h3 Bxf3 6. exf3 g6 7. O-O Bg7 8. c3 O-O 9. Re1 e6 10. Nd2 b6 11. Nf1 Ne7 12. g4 c5 13. Be3 cxd4 14. cxd4 Ne8 15. Ng3 Nd6 16. b3 Nc6 17. f4 Rc8 18. Rc1 Nb5 19. Ne2 Qd7 20. Qd2 Rc7 21. f5 exf5 22. gxf5 Qxf5 23. a4 Nd6 24. Ng3 Qd7 25. Bxd5 Ne7 26. Rxc7 Qxc7 27. Bg2 Ndf5 28. Bf4 Qd7 29. d5 Nh4 30. d6 Nc8 31. Ne4 Re8 32. Bg5 {[%emt 0:08:12] normal} 1-0

[Event "GER-ch Youth U18 2019"]
[Site "Willingen"]
[Date "2019.06.09"]
[Round "2.3"]
[White "Maetzkow, Maximilian Paul"]
[Black "Roseneck, Jonas"]
[Result "1/2-1/2"]
[ECO "B90"]
[WhiteElo "2338"]
[BlackElo "2403"]
[Annotator "NA"]
[PlyCount "46"]
[EventDate "2019.06.07"]
[EventType "swiss"]
[EventRounds "9"]
[EventCountry "GER"]
[SourceTitle "playchess.com"]
[Source "ChessBase"]
[SourceQuality "1"]
[TimeControl "40/5400+30:1800+30"]

1. e4 c5 2. Nf3 d6 3. d4 cxd4 4. Nxd4 Nf6 5. Nc3 a6 6. h3 e5 7. Nde2 h5 8. Bg5 Be6 9. Bxf6 Qxf6 10. Nd5 Qd8 11. Nec3 g6 12. Bc4 Bh6 13. O-O O-O 14. Qd3 Nc6 15. Rad1 Rc8 16. Bb3 Nd4 17. Ne2 Nxb3 18. Qxb3 b5 19. a4 Kh8 20. axb5 axb5 21. Nec3 f5 22. Qxb5 fxe4 23. Qe2 Bxd5 {[%emt 0:05:06] normal} 1/2-1/2

[Event "GER-ch Youth U18 2019"]
[Site "Willingen"]
[Date "2019.06.09"]
[Round "2.4"]
[White "Muckle, Julius"]
[Black "Kuznecovs, Nikita"]
[Result "0-1"]
[ECO "E47"]
[WhiteElo "2370"]
[BlackElo "2317"]
[Annotator "NA"]
[PlyCount "47"]
[EventDate "2019.06.07"]
[EventType "swiss"]
[EventRounds "9"]
[EventCountry "GER"]
[SourceTitle "playchess.com"]
[Source "ChessBase"]
[SourceQuality "1"]
[TimeControl "40/5400+30:1800+30"]

1. d4 Nf6 2. c4 e6 3. Nc3 Bb4 4. e3 O-O 5. Bd3 c5 6. Nf3 b6 7. O-O Bb7 8. Bd2 cxd4 9. exd4 d5 10. cxd5 Bxc3 11. bxc3 Qxd5 12. Re1 Nbd7 13. Rb1 Qxa2 14. Re3 Qd5 15. Rb5 Qd6 16. Ne5 Ba6 17. Nxd7 Qxd7 18. Rg5 Bxd3 19. Rxd3 Ne4 20. Re5 Nxd2 21. Qxd2 f6 22. Re4 a5 23. Qe2 Rfe8 24. Rde3 {[%emt 0:00:22] normal} 0-1

[Event "GER-ch Youth U18 2019"]
[Site "Willingen"]
[Date "2019.06.09"]
[Round "2.6"]
[White "Arndt, Magnus"]
[Black "Faerber, David"]
[Result "1/2-1/2"]
[ECO "A45"]
[WhiteElo "2186"]
[BlackElo "2293"]
[Annotator "NA"]
[PlyCount "42"]
[EventDate "2019.06.07"]
[EventType "swiss"]
[EventRounds "9"]
[EventCountry "GER"]
[SourceTitle "playchess.com"]
[Source "ChessBase"]
[SourceQuality "1"]
[TimeControl "40/5400+30:1800+30"]

1. d4 Nf6 2. Bf4 c5 3. e3 cxd4 4. exd4 Qb6 5. Na3 a6 6. Nc4 Qe6+ 7. Be2 b5 8. Ne3 Bb7 9. Nf3 g6 10. O-O Bg7 11. c3 O-O 12. a4 bxa4 13. Qxa4 d6 14. Rfe1 Qd7 15. Nc4 Nd5 16. Bg3 Qxa4 17. Rxa4 Nc6 18. Nfd2 Rfe8 19. Bf3 Nc7 20. h3 Rab8 21. Raa1 Bf8 {[%emt 0:03:02] normal} 1/2-1/2

[Event "GER-ch Youth U18 2019"]
[Site "Willingen"]
[Date "2019.06.09"]
[Round "2.9"]
[White "Schmider, Niklas"]
[Black "Engel, Robert"]
[Result "1-0"]
[ECO "B90"]
[WhiteElo "2300"]
[BlackElo "2067"]
[Annotator "NA"]
[PlyCount "50"]
[EventDate "2019.06.07"]
[EventType "swiss"]
[EventRounds "9"]
[EventCountry "GER"]
[SourceTitle "playchess.com"]
[Source "ChessBase"]
[SourceQuality "1"]
[TimeControl "40/5400+30:1800+30"]

1. e4 c5 2. Nf3 d6 3. d4 cxd4 4. Nxd4 Nf6 5. Nc3 a6 6. h4 e5 7. Nb3 Be7 8. Bg5 Be6 9. Bxf6 Bxf6 10. g3 O-O 11. Qd2 Be7 12. O-O-O Nd7 13. f4 Nf6 14. f5 Bd7 15. g4 Nxg4 16. Rg1 h5 17. Bh3 Bxh4 18. Kb1 Nf2 19. f6 g6 20. Bxd7 Nxd1 21. Nd5 Kh7 22. Bf5 Nf2 23. Qe2 Kh6 24. Qe3+ g5 25. Nd2 Ng4 {[%emt 0:01:02] normal} 1-0

[Event "GER-ch Youth U18 2019"]
[Site "Willingen"]
[Date "2019.06.09"]
[Round "2.10"]
[White "Schneider, Jana"]
[Black "Runte, Moritz"]
[Result "1/2-1/2"]
[ECO "C44"]
[WhiteElo "2235"]
[BlackElo "2096"]
[Annotator "NA"]
[PlyCount "61"]
[EventDate "2019.06.07"]
[EventType "swiss"]
[EventRounds "9"]
[EventCountry "GER"]
[SourceTitle "playchess.com"]
[Source "ChessBase"]
[SourceQuality "1"]
[TimeControl "40/5400+30:1800+30"]

1. e4 e5 2. Nf3 Nc6 3. d4 exd4 4. Nxd4 Nf6 5. Nc3 Bb4 6. Nxc6 bxc6 7. Bd3 d5 8. exd5 O-O 9. O-O cxd5 10. h3 c6 11. Qf3 Bd6 12. Re1 Rb8 13. b3 Re8 14. Bf4 Be6 15. Rad1 Bxf4 16. Qxf4 Qa5 17. Qg3 Bd7 18. Rxe8+ Rxe8 19. a4 g6 20. Ne2 Ne4 21. Bxe4 Rxe4 22. Nd4 Re1+ 23. Rxe1 Qxe1+ 24. Kh2 c5 25. Nf3 Qe4 26. Qd6 Bf5 27. Ng5 Qd4 28. Nf3 Qxf2 29. Qb8+ Kg7 30. Qe5+ Kg8 31. Qb8+ {[%emt 0:03:30] normal} 1/2-1/2

[Event "GER-ch Youth U18 2019"]
[Site "Willingen"]
[Date "2019.06.09"]
[Round "2.11"]
[White "Lange, Jannis"]
[Black "Goldbeck, Lars"]
[Result "0-1"]
[ECO "B51"]
[WhiteElo "2024"]
[BlackElo "2199"]
[Annotator "NA"]
[PlyCount "66"]
[EventDate "2019.06.07"]
[EventType "swiss"]
[EventRounds "9"]
[EventCountry "GER"]
[SourceTitle "playchess.com"]
[Source "ChessBase"]
[SourceQuality "1"]
[TimeControl "40/5400+30:1800+30"]

1. e4 c5 2. Nf3 d6 3. Bb5+ Nd7 4. O-O a6 5. Bxd7+ Bxd7 6. d4 cxd4 7. Qxd4 e5 8. Qd3 Rc8 9. Nc3 h6 10. a4 Nf6 11. Rd1 Be7 12. a5 O-O 13. Be3 Be6 14. Nd2 d5 15. Bb6 Qd7 16. exd5 Nxd5 17. Nxd5 Qxd5 18. Qxd5 Bxd5 19. Nf1 Be6 20. Ne3 Bg5 21. Rd2 f5 22. Rd6 Kf7 23. c3 Ke7 24. Rd3 e4 25. Rd4 Kf7 26. Nd5 Rc6 27. Nb4 Rc4 28. Rad1 Rxd4 29. Rxd4 Bc1 30. Rd6 Bxb2 31. Bd4 Rc8 32. Rb6 Bxc3 33. Rxb7+ Kf8 {[%emt 0:00:33] normal} 0-1

[Event "GER-ch Youth U18 2019"]
[Site "Willingen"]
[Date "2019.06.09"]
[Round "2.12"]
[White "Wendler, David"]
[Black "Knoedler, Marcel"]
[Result "1-0"]
[ECO "B14"]
[WhiteElo "2166"]
[BlackElo "1633"]
[Annotator "NA"]
[PlyCount "54"]
[EventDate "2019.06.07"]
[EventType "swiss"]
[EventRounds "9"]
[EventCountry "GER"]
[SourceTitle "playchess.com"]
[Source "ChessBase"]
[SourceQuality "1"]
[TimeControl "40/5400+30:1800+30"]

1. e4 c6 2. d4 d5 3. exd5 cxd5 4. c4 Nf6 5. Nc3 e6 6. Nf3 Nc6 7. c5 Ne4 8. Bb5 Nxc3 9. bxc3 Be7 10. O-O O-O 11. Bxc6 bxc6 12. Qa4 Bd7 13. Rb1 Qc7 14. g3 e5 15. Nxe5 Bf5 16. Rb2 Rfc8 17. Bf4 g5 18. Nxf7 gxf4 19. Nh6+ Kh8 20. Nxf5 Qd7 21. Re1 Qxf5 22. Rxe7 f3 23. Rbb7 Rab8 24. Rxh7+ Kg8 25. Rhg7+ Kh8 26. Qd1 Rxb7 27. Rxb7 Re8 {[%emt 0:01:47] normal} 1-0

[Event "GER-ch Youth U18 2019"]
[Site "Willingen"]
[Date "2019.06.09"]
[Round "2.13"]
[White "Rockmann, Jan-Okke"]
[Black "Schnabel, Bennett"]
[Result "1-0"]
[ECO "B75"]
[WhiteElo "1816"]
[BlackElo "2125"]
[Annotator "NA"]
[PlyCount "61"]
[EventDate "2019.06.07"]
[EventType "swiss"]
[EventRounds "9"]
[EventCountry "GER"]
[SourceTitle "playchess.com"]
[Source "ChessBase"]
[SourceQuality "1"]
[TimeControl "40/5400+30:1800+30"]

1. e4 c5 2. Nf3 d6 3. d4 cxd4 4. Nxd4 Nf6 5. Nc3 g6 6. Be3 Bg7 7. f3 a6 8. Qd2 h5 9. Bc4 Nbd7 10. O-O-O b5 11. Bd5 Nxd5 12. Nxd5 Ne5 13. b3 Bb7 14. Bg5 Bxd5 15. exd5 Qc7 16. Rhe1 O-O 17. f4 Nc4 18. Qc3 Rfc8 19. bxc4 Qb6 20. Qe3 bxc4 21. Nc6 Rxc6 22. dxc6 Qb4 23. Rd2 d5 24. Kd1 e6 25. Ke2 Qb5 26. c7 e5 27. fxe5 Rc8 28. Bd8 c3+ 29. Rd3 d4 30. Qxd4 Bxe5 31. Qd7 {[%emt 0:00:12] normal} 1-0

[Event "GER-ch Youth U18 2019"]
[Site "Willingen"]
[Date "2019.06.09"]
[Round "2.14"]
[White "Wong, Gengchun"]
[Black "Sureshkumar, Atchuthan"]
[Result "1-0"]
[ECO "C68"]
[WhiteElo "2144"]
[BlackElo "1502"]
[Annotator "NA"]
[PlyCount "23"]
[EventDate "2019.06.07"]
[EventType "swiss"]
[EventRounds "9"]
[EventCountry "GER"]
[SourceTitle "playchess.com"]
[Source "ChessBase"]
[SourceQuality "1"]
[TimeControl "40/5400+30:1800+30"]

1. e4 e5 2. Nf3 Nc6 3. Bb5 a6 4. Bxc6 dxc6 5. O-O Bg4 6. h3 h5 7. d3 Qf6 8. Nbd2 g5 9. b3 Bxf3 10. Qxf3 Qxf3 11. Nxf3 f6 12. Be3 {normal} 1-0

[Event "GER-ch Youth U18 2019"]
[Site "Willingen"]
[Date "2019.06.10"]
[Round "3.2"]
[White "Kuznecovs, Nikita"]
[Black "Buckels, Valentin"]
[Result "1-0"]
[ECO "A20"]
[WhiteElo "2317"]
[BlackElo "2443"]
[Annotator "NA"]
[PlyCount "46"]
[EventDate "2019.06.07"]
[EventType "swiss"]
[EventRounds "9"]
[EventCountry "GER"]
[SourceTitle "playchess.com"]
[Source "ChessBase"]
[SourceQuality "1"]
[TimeControl "40/5400+30:1800+30"]

1. c4 e5 2. Nf3 Nc6 3. d4 exd4 4. Nxd4 g6 5. Nxc6 bxc6 6. Bd2 Bg7 7. Bc3 Nf6 8. g3 O-O 9. Bg2 Rb8 10. O-O Re8 11. e3 c5 12. Nd2 d6 13. Qa4 a6 14. Rac1 Nd7 15. Qa3 Ne5 16. Bxe5 Bxe5 17. b3 Rb6 18. Rcd1 Bg4 19. Bf3 Bd7 20. Ne4 Qc8 21. Qa5 Bh3 22. Bg2 Bg4 23. Rc1 h5 {[%emt 0:02:33] normal} 1-0

[Event "GER-ch Youth U18 2019"]
[Site "Willingen"]
[Date "2019.06.10"]
[Round "3.3"]
[White "Roseneck, Jonas"]
[Black "Ewert, Hannes"]
[Result "1-0"]
[ECO "C95"]
[WhiteElo "2403"]
[BlackElo "2268"]
[Annotator "NA"]
[PlyCount "50"]
[EventDate "2019.06.07"]
[EventType "swiss"]
[EventRounds "9"]
[EventCountry "GER"]
[SourceTitle "playchess.com"]
[Source "ChessBase"]
[SourceQuality "1"]
[TimeControl "40/5400+30:1800+30"]

1. e4 e5 2. Nf3 Nc6 3. Bb5 a6 4. Ba4 Nf6 5. O-O Be7 6. Re1 b5 7. Bb3 d6 8. c3 O-O 9. h3 Nb8 10. d4 Nbd7 11. c4 c6 12. Nc3 b4 13. Ne2 Nxe4 14. Qc2 f5 15. c5+ d5 16. Be3 Qc7 17. Nxe5 Nxe5 18. Bf4 Bf6 19. f3 Ng5 20. dxe5 Ne6 21. exf6 Nxf4 22. fxg7 Nxe2+ 23. Rxe2 Qxg7 24. Qd2 Rb8 25. Rae1 Rb7 {[%emt 0:07:08] normal} 1-0

[Event "GER-ch Youth U18 2019"]
[Site "Willingen"]
[Date "2019.06.10"]
[Round "3.4"]
[White "Faerber, David"]
[Black "Maetzkow, Maximilian Paul"]
[Result "0-1"]
[ECO "C12"]
[WhiteElo "2293"]
[BlackElo "2338"]
[Annotator "ChessBase"]
[PlyCount "68"]
[EventDate "2019.06.07"]
[EventType "swiss"]
[EventRounds "9"]
[EventCountry "GER"]
[SourceTitle "playchess.com"]
[Source "ChessBase"]
[SourceQuality "1"]
[TimeControl "40/5400+30:1800+30"]

1. e4 e6 2. d4 d5 3. Nc3 Nf6 4. Bg5 Bb4 5. e5 h6 6. Bd2 Bxc3 7. bxc3 Ne4 8. Qg4 Kf8 9. Bd3 Nxd2 10. Kxd2 c5 11. h4 Nc6 12. Rh3 c4 13. Bf1 b5 14. a3 a5 15. Ne2 Rb8 16. Rf3 Rg8 17. Nf4 Ke7 18. Nh5 Qf8 19. Rg3 Ba6 20. f4 Kd7 21. f5 Kc7 22. fxe6 Bc8 23. Nxg7 Bxe6 24. Nxe6+ fxe6 25. Qf3 Rxg3 26. Qxg3 b4 27. Qf3 bxc3+ 28. Kxc3 Qxf3+ 29. gxf3 Rf8 30. Be2 Rf4 31. Rd1 Rxh4 32. Bf1 Rf4 33. Bg2 h5 34. Rh1 h4 {[%emt 0:01:24] normal} 0-1

[Event "GER-ch Youth U18 2019"]
[Site "Willingen"]
[Date "2019.06.10"]
[Round "3.5"]
[White "Parvanyan, Ashot"]
[Black "Arndt, Magnus"]
[Result "1-0"]
[ECO "E06"]
[WhiteElo "2421"]
[BlackElo "2186"]
[Annotator "NA"]
[PlyCount "33"]
[EventDate "2019.06.07"]
[EventType "swiss"]
[EventRounds "9"]
[EventCountry "GER"]
[SourceTitle "playchess.com"]
[Source "ChessBase"]
[SourceQuality "1"]
[TimeControl "40/5400+30:1800+30"]

1. Nf3 Nf6 2. c4 e6 3. g3 d5 4. d4 Be7 5. Bg2 O-O 6. O-O dxc4 7. Qc2 b6 8. Na3 Bb7 9. Nxc4 Nbd7 10. Bf4 Be4 11. Qb3 Nd5 12. Bc1 N5f6 13. Rd1 Qc8 14. Bd2 Qb7 15. Rac1 c5 16. Bf4 Bd5 17. Ne1 {[%emt 0:07:03] normal} 1-0

[Event "GER-ch Youth U18 2019"]
[Site "Willingen"]
[Date "2019.06.10"]
[Round "3.6"]
[White "Goldbeck, Lars"]
[Black "Muckle, Julius"]
[Result "0-1"]
[ECO "A11"]
[WhiteElo "2199"]
[BlackElo "2370"]
[Annotator "NA"]
[PlyCount "38"]
[EventDate "2019.06.07"]
[EventType "swiss"]
[EventRounds "9"]
[EventCountry "GER"]
[SourceTitle "playchess.com"]
[Source "ChessBase"]
[SourceQuality "1"]
[TimeControl "40/5400+30:1800+30"]

1. c4 c6 2. Nf3 d5 3. g3 Nf6 4. Bg2 Bf5 5. O-O e6 6. cxd5 cxd5 7. Qb3 Qb6 8. Qxb6 axb6 9. Nc3 Nc6 10. d3 e5 11. Bg5 Be6 12. Nh4 d4 13. Nb5 Kd7 14. f4 Ra5 15. a4 h6 16. Bxf6 gxf6 17. Nf3 Bb4 18. Rfc1 exf4 19. gxf4 Rha8 {[%emt 0:00:10] normal} 0-1

[Event "GER-ch Youth U18 2019"]
[Site "Willingen"]
[Date "2019.06.10"]
[Round "3.7"]
[White "Wendler, David"]
[Black "Schmider, Niklas"]
[Result "0-1"]
[ECO "B22"]
[WhiteElo "2166"]
[BlackElo "2300"]
[Annotator "ChessBase"]
[PlyCount "56"]
[EventDate "2019.06.07"]
[EventType "swiss"]
[EventRounds "9"]
[EventCountry "GER"]
[SourceTitle "playchess.com"]
[Source "ChessBase"]
[SourceQuality "1"]
[TimeControl "40/5400+30:1800+30"]

1. e4 c5 2. c3 Nf6 3. e5 Nd5 4. d4 cxd4 5. Nf3 Nc6 6. Bc4 Nb6 7. Bb3 d5 8. exd6 Qxd6 9. O-O Be6 10. Na3 dxc3 11. Bxe6 Qxd1 12. Rxd1 fxe6 13. bxc3 g6 14. Ng5 e5 15. Rb1 Rc8 16. Ne4 Bg7 17. Be3 O-O 18. Bxb6 axb6 19. Nc4 Ra8 20. Nxb6 Rxa2 21. Nd7 Rd8 22. Rxb7 Re2 23. f3 Ra8 24. Rc7 Bh6 25. Kf1 Raa2 26. Ndf6+ Kf7 27. Ng4 Bf4 28. Rxc6 h5 {[%emt 0:00:25] normal} 0-1

[Event "GER-ch Youth U18 2019"]
[Site "Willingen"]
[Date "2019.06.10"]
[Round "3.8"]
[White "Wong, Gengchun"]
[Black "Browning, Alex"]
[Result "1/2-1/2"]
[ECO "B96"]
[WhiteElo "2144"]
[BlackElo "2319"]
[Annotator "NA"]
[PlyCount "48"]
[EventDate "2019.06.07"]
[EventType "swiss"]
[EventRounds "9"]
[EventCountry "GER"]
[SourceTitle "playchess.com"]
[Source "ChessBase"]
[SourceQuality "1"]
[TimeControl "40/5400+30:1800+30"]

1. e4 c5 2. Nf3 d6 3. d4 cxd4 4. Nxd4 Nf6 5. Nc3 a6 6. Bg5 e6 7. f4 h6 8. Bh4 Qb6 9. Qd3 Qxb2 10. Rb1 Qa3 11. f5 Be7 12. fxe6 fxe6 13. Be2 O-O 14. O-O Nc6 15. Nxc6 bxc6 16. Nd5 Qxd3 17. Nxe7+ Kf7 18. cxd3 Kxe7 19. e5 dxe5 20. Bf3 Bd7 21. Bg3 Rab8 22. Bxe5 Rb5 23. Rbe1 Rc8 24. d4 Be8 {[%emt 0:06:31] normal} 1/2-1/2

[Event "GER-ch Youth U18 2019"]
[Site "Willingen"]
[Date "2019.06.10"]
[Round "3.9"]
[White "Vuckovic, Zarko"]
[Black "Rockmann, Jan-Okke"]
[Result "1/2-1/2"]
[ECO "B22"]
[WhiteElo "2132"]
[BlackElo "1816"]
[Annotator "NA"]
[PlyCount "85"]
[EventDate "2019.06.07"]
[EventType "swiss"]
[EventRounds "9"]
[EventCountry "GER"]
[SourceTitle "playchess.com"]
[Source "ChessBase"]
[SourceQuality "1"]
[TimeControl "40/5400+30:1800+30"]

1. e4 c5 2. c3 d5 3. exd5 Qxd5 4. d4 Nc6 5. Nf3 Bg4 6. Be2 Rd8 7. c4 Qf5 8. d5 Bxf3 9. Bxf3 Nd4 10. Bg4 Qe4+ 11. Kf1 Nf6 12. Bf3 Nxf3 13. gxf3 Qxc4+ 14. Kg2 Nxd5 15. Qb3 Qxb3 16. axb3 a6 17. Nc3 e6 18. Ne4 Be7 19. Bd2 f5 20. Ng3 Kf7 21. Rhc1 Rc8 22. Kf1 Rhd8 23. Ke2 Bf6 24. Rc2 Rd6 25. Nf1 Rdc6 26. Ne3 Nxe3 27. fxe3 c4 28. b4 c3 29. bxc3 Bxc3 30. Raa2 Be5 31. Rxc6 Rxc6 32. h3 Bc3 33. b5 axb5 34. Ra7 b4 35. Rxb7+ Kf6 36. f4 Kg6 37. Be1 Kh5 38. Rb5 Bxe1 39. Kxe1 Kh4 40. Rxb4 Rc7 41. Kf2 Kxh3 42. Kf3 Kh4 43. Rb6 {[%emt 0:00:24] normal} 1/2-1/2

[Event "GER-ch Youth U18 2019"]
[Site "Willingen"]
[Date "2019.06.10"]
[Round "3.10"]
[White "Hinrichs, Niklas"]
[Black "Muetsch, Annmarie"]
[Result "0-1"]
[ECO "E81"]
[WhiteElo "2115"]
[BlackElo "2266"]
[Annotator "NA"]
[PlyCount "54"]
[EventDate "2019.06.07"]
[EventType "swiss"]
[EventRounds "9"]
[EventCountry "GER"]
[SourceTitle "playchess.com"]
[Source "ChessBase"]
[SourceQuality "1"]
[TimeControl "40/5400+30:1800+30"]

1. d4 Nf6 2. c4 g6 3. Nc3 Bg7 4. e4 d6 5. f3 O-O 6. Be3 c5 7. dxc5 dxc5 8. Qxd8 Rxd8 9. Bxc5 Nc6 10. Be3 Nb4 11. Rc1 Be6 12. Nh3 Nd3+ 13. Bxd3 Rxd3 14. Nd1 Bxh3 15. gxh3 Nh5 16. Ke2 Rad8 17. b3 Be5 18. Nf2 Rxe3+ 19. Kxe3 Bf4+ 20. Ke2 Rd2+ 21. Ke1 Rxa2 22. Rd1 Be3 23. Nd3 g5 24. Nb4 Rb2 25. Nd3 Rc2 26. Nb4 Rg2 27. Nd5 Nf4 {[%emt 0:07:25] normal} 0-1

[Event "GER-ch Youth U18 2019"]
[Site "Willingen"]
[Date "2019.06.10"]
[Round "3.11"]
[White "Runte, Moritz"]
[Black "Martin, Julian"]
[Result "1/2-1/2"]
[ECO "B56"]
[WhiteElo "2096"]
[BlackElo "2370"]
[Annotator "NA"]
[PlyCount "42"]
[EventDate "2019.06.07"]
[EventType "swiss"]
[EventRounds "9"]
[EventCountry "GER"]
[SourceTitle "playchess.com"]
[Source "ChessBase"]
[SourceQuality "1"]
[TimeControl "40/5400+30:1800+30"]

1. e4 c5 2. Nf3 d6 3. d4 cxd4 4. Nxd4 Nf6 5. Nc3 e5 6. Nde2 Be7 7. g3 Be6 8. Bg2 Nc6 9. O-O O-O 10. h3 Qd7 11. Kh2 Ne8 12. g4 Nc7 13. Ng3 Bc4 14. Re1 Bh4 15. Nd5 Bxg3+ 16. fxg3 Ne7 17. Nxc7 Qxc7 18. b3 Be6 19. Re3 b5 20. Rd3 Nc6 21. c3 a5 {[%emt 0:01:25] normal} 1/2-1/2

[Event "GER-ch Youth U18 2019"]
[Site "Willingen"]
[Date "2019.06.10"]
[Round "3.12"]
[White "Schnabel, Bennett"]
[Black "Schneider, Jana"]
[Result "1/2-1/2"]
[ECO "A13"]
[WhiteElo "2125"]
[BlackElo "2235"]
[Annotator "NA"]
[PlyCount "45"]
[EventDate "2019.06.07"]
[EventType "swiss"]
[EventRounds "9"]
[EventCountry "GER"]
[SourceTitle "playchess.com"]
[Source "ChessBase"]
[SourceQuality "1"]
[TimeControl "40/5400+30:1800+30"]

1. c4 e6 2. g3 d5 3. Bg2 Nf6 4. d4 Bb4+ 5. Bd2 Bd6 6. Nc3 c6 7. e4 dxe4 8. Nxe4 Nxe4 9. Bxe4 Nd7 10. Bc3 O-O 11. Nf3 c5 12. O-O Nf6 13. Bc2 b6 14. Ne5 Bb7 15. Ng4 Ne4 16. Qd3 cxd4 17. Qxd4 e5 18. Qd3 Ng5 19. Rfd1 Qc8 20. Qf5 Qxf5 21. Bxf5 Rad8 22. h4 Nf3+ 23. Kf1 {[%emt 0:00:06] normal} 1/2-1/2